 Dungeon Crawl Stone Soup version 0.25-a0-426-g7d9e569eea (webtiles) character file.

Game seed: 7532663391830595884, levelgen mode: deterministic

3245 kae the Martial Artist (level 9, -2/63 (64) HPs)
             Began as a Red Draconian Transmuter on Jan 24, 2020.
             Was a Follower of Uskayaw.
             Blown up by Pikel (24 damage)
             ... with a disintegration bolt
             ... on level 7 of the Dungeon.
             The game lasted 00:09:28 (7151 turns).

kae the Martial Artist (Red Draconian Transmuter)   Turns: 7151, Time: 00:09:28

HP:   -2/63 (64)    AC:  9    Str: 14    XL:     9   Next: 67%
MP:   0/15          EV: 12    Int: 13    God:    Uskayaw [*.....]
Gold: 367           SH:  0    Dex: 14    Spells: 3/16 levels left

rFire    + . .     SeeInvis .   i - +3 whip (venom)
rCold    . . .     Gourm    .   (no shield)
rNeg     . . .     Faith    .   (armour unavailable)
rPois    .         Spirit   +   (helmet restricted)
rElec    .         Reflect  .   l - scarf {Spirit}
rCorr    .         Harm     .   j - +1 pair of gloves
MR       .....                  (no boots)
Stlth    +.........             (no amulet)
HPRegen  0.20/turn              k - ring of wizardry
MPRegen  0.14/turn              v - ring of wizardry

@: short of breath, studying Stealth
A: breathe fire, unfitting armour, fire resistance 1, cold-blooded, AC +7
a: Breathe Fire, Stomp, Renounce Religion


You were on level 7 of the Dungeon.
You worshipped Uskayaw.
Uskayaw was noncommittal.
You were hungry.

You visited 2 branches of the dungeon, and saw 8 of its levels.

You collected 367 gold pieces.

Inventory:

Hand Weapons
 e - a +0 hand axe
 i - a +3 whip of venom (weapon)
Missiles
 a - 91 arrows
Armour
 j - a +1 pair of gloves (worn)
 l - a scarf of spirit shield (worn)
Jewellery
 k - a ring of wizardry (left hand)
 v - a ring of wizardry (right hand)
Wands
 g - a wand of disintegration (22)
 w - a wand of iceblast (11)
Scrolls
 f - 2 scrolls of remove curse
 s - a scroll of amnesia
Potions
 b - 4 potions of agility
 d - 2 potions of flight
 h - 5 potions of curing
 m - a potion of might
 o - 2 potions of heal wounds {unknown}
 p - a potion of lignification
 q - a potion of mutation {unknown}
 r - a potion of invisibility
 u - 2 potions of ambrosia {unknown}
Books
 t - a manual of Stealth
Comestibles
 c - 13 rations
 n - 10 chunks of flesh


   Skills:
 - Level 1.1 Fighting
 - Level 1.7 Dodging
 + Level 10.2 Unarmed Combat
 - Level 4.1 Spellcasting
 - Level 9.0 Transmutations


You had 3 spell levels left.
You knew the following spells:

 Your Spells              Type           Power        Failure   Level  Hunger
a - Beastly Appendage     Tmut           ####..       1%          1    None
b - Sticks to Snakes      Tmut           ####....     1%          2    ##.....
c - Spider Form           Tmut/Pois      ##........   2%          3    ###....
d - Blade Hands           Tmut           ####......   4%          5    ######.
e - Blink                 Tloc           N/A          9%          2    ##.....

Your spell library contained the following spells:

 Spells                   Type           Power        Failure   Level  Hunger
 Magic Dart               Conj           #...         5%          1    None
 Summon Small Mammal      Summ           #...         5%          1    None
 Call Imp                 Summ           #.......     9%          2    ##.....
 Slow                     Hex            #.......     9%          2    ##.....
 Call Canine Familiar     Summ           #.......     16%         3    ###....
 Conjure Flame            Conj/Fire      #.......     16%         3    ###....
 Mephitic Cloud           Conj/Pois/Air  #.......     16%         3    ###....
 Summon Guardian Golem    Hex/Summ       #.......     16%         3    ###....
 Ice Form                 Ice/Tmut       ##......     9%          4    ####...
 Summon Ice Beast         Ice/Summ       #.......     45%         4    ####...
 Summon Lightning Spire   Summ/Air       #.......     45%         4    ####...


Dungeon Overview and Level Annotations

Branches:
Dungeon (7/15)             Temple (1/1) D:6

Altars:
Ashenzari
Cheibriados
Elyvilon
Fedhas
Gozag
Hepliaklqana
Kikubaaqudgha
Makhleb
Nemelex Xobeh
Okawaru
Qazlal
Ru
Sif Muna
Trog
Uskayaw
Vehumet
Wu Jian
Xom
Yredelemnul
The Shining One

Annotations:
D:6 exclusion: door
D:7 Pikel


Innate Abilities, Weirdness & Mutations

You can breathe blasts of fire.
Your fiery red scales are hard. (AC +7)
You cannot fit into any form of body armour.
Your flesh is heat resistant. (rF+)
You are cold-blooded and may be slowed by cold attacks.


Message History

You breathe a blast of fire.
The fiery breath hits the adder!
The adder is almost dead.
The fiery breath hits Pikel!
Pikel is moderately wounded.
You feel somewhat more hungry. The adder bites you.
Pikel is engulfed in blazing flames.
A slave comes into view.
You can now pass through a line of other dancers.
You whack the adder!
You kill the adder!
Pikel zaps a wand.
You are blasted!
You feel sick.
Pikel says, "You'll feel the lick of my whip!"
There is a stone staircase leading down here.
You feel sick.
You are no longer poisoned.
You can no longer pass through a line of other dancers.
Pikel cracks his whip.
Pikel zaps a wand.
You are blasted!
You die...

# #####..######.......#
.##.p#######...####.........
....pp†.†.........'....†....
.$..p######....####.........
### #>#.## ##.......# #K###
##.....## #.# ##...## #.#
##'## #@# #.# #.# #.# #.#
##.## #.# ##...###
#.#########.....#.
#..............##.
############.)###. #..####
#......


You could see Pikel.

Vanquished Creatures
  2 hippogriffs (D:7)
  Sigmund (D:3)
  Duvessa (D:7)
  2 orc warriors
  3 sky beasts (D:5)
  A black bear (D:6)
  2 phantoms
  3 ogres
  A necrophage (D:6)
  3 centaurs
  Dowan (D:7)
  3 bullfrogs
  A water moccasin zombie (D:5)
  A scorpion (D:6)
  A crimson imp (D:6)
  A quasit (D:6)
  4 hounds
  An orc priest (D:5)
  4 orc wizards
  A centaur skeleton (D:6)
  Natasha (thrice) (D:3)
  3 iguanas
  7 worker ants
  2 worker ant zombies (D:5)
  A howler monkey skeleton (D:6)
  13 adders
  2 shadow imps (D:6)
  2 oozes
  2 adder skeletons (D:5)
  An adder zombie (D:5)
  3 worms
  3 dart slugs
  8 leopard geckos
  21 orcs
  7 giant cockroaches
  2 gnoll zombies (D:5)
  6 goblins
  5 hobgoblins
  13 jackals
  2 quokkas (D:4)
  2 ball pythons
  8 bats
  4 frilled lizards
  6 kobolds
  A quokka zombie (D:5)
  4 rats
168 creatures vanquished.

Notes
Turn   | Place    | Note
-------+----------+-------------------------------------------
     0 | D:1      | kae the Draconian Transmuter began the quest for the Orb.
     0 | D:1      | Reached XP level 1. HP: 16/16 MP: 3/3
   242 | D:1      | Reached XP level 2. HP: 23/23 MP: 5/5
  1080 | D:2      | Reached XP level 3. HP: 24/28 MP: 4/6
  1396 | D:2      | Reached XP level 4. HP: 23/35 MP: 5/7
  1534 | D:2      | Reached skill level 5 in Transmutations
  1919 | D:3      | Learned a level 2 spell: Sticks to Snakes
  1923 | D:3      | Learned a level 3 spell: Spider Form
  1933 | D:3      | Noticed Sigmund
  1946 | D:3      | Killed Sigmund
  1946 | D:3      | Reached XP level 5. HP: 25/40 MP: 4/8
  1946 | D:3      | Reached XP level 6. HP: 30/47 MP: 4/9
  2034 | D:3      | Found an ancient bone altar of Kikubaaqudgha.
  2395 | D:3      | Found a faded altar of an unknown god.
  2519 | D:3      | Noticed Natasha
  2527 | D:3      | Killed Natasha
  2573 | D:3      | Noticed Natasha
  2580 | D:3      | Killed Natasha
  2626 | D:3      | Noticed Natasha
  2631 | D:3      | Killed Natasha
  2958 | D:3      | Found a glowing golden altar of the Shining One.
  3028 | D:4      | Found a snail-covered altar of Cheibriados.
  3062 | D:4      | Found a stormy altar of Qazlal.
  3152 | D:4      | Your scales start taking on a fiery red colour.
  3152 | D:4      | Reached XP level 7. HP: 37/52 MP: 8/10
  3152 | D:4      | Gained mutation: Your flesh is heat resistant. (rF+) [Red
                  | Draconian growth]
  3617 | D:5      | Entered Level 5 of the Dungeon
  3989 | D:5      | Reached XP level 8. HP: 49/59 MP: 9/13
  4448 | D:5      | Found a shimmering blue altar of Sif Muna.
  4568 | D:5      | Found a hide-covered altar of Uskayaw.
  4702 | D:5      | Reached skill level 4 in Unarmed Combat
  4742 | D:5      | Reached skill level 5 in Unarmed Combat
  5057 | D:5      | Found a basalt altar of Yredelemnul.
  5194 | D:6      | Found a sparkling altar of Nemelex Xobeh.
  5222 | D:6      | Reached skill level 6 in Unarmed Combat
  5354 | D:6      | Found a staircase to the Ecumenical Temple.
  5375 | Temple   | Entered the Ecumenical Temple
  5613 | D:5      | Became a worshipper of Uskayaw the Reveler
  5690 | D:6      | Reached skill level 7 in Unarmed Combat
  5690 | D:6      | Reached * piety under Uskayaw
  5692 | D:6      | Reached ** piety under Uskayaw
  5696 | D:6      | Reached XP level 9. HP: 10/64 MP: 3/15
  5697 | D:6      | Reached *** piety under Uskayaw
  5700 | D:6      | Reached **** piety under Uskayaw
  6242 | D:6      | Reached skill level 8 in Unarmed Combat
  6301 | D:6      | Noticed an eight-headed hydra
  6477 | D:6      | Learned a level 5 spell: Blade Hands
  6480 | D:6      | Learned a level 2 spell: Blink
  6491 | D:7      | Found a shattered altar of Ashenzari.
  6609 | D:7      | Noticed Duvessa
  6609 | D:7      | Noticed Dowan
  6616 | D:7      | Killed Duvessa
  6616 | D:7      | Reached skill level 9 in Unarmed Combat
  6625 | D:7      | Killed Dowan
  6958 | D:7      | Reached skill level 10 in Unarmed Combat
  7131 | D:7      | Noticed Pikel
  7151 | D:7      | Blown up by Pikel

Levels and vault maps discovered:
D:1:      saegor_arrival_simple_e, layout_basic
D:2:      layout_basic
D:3:      layout_basic, kiku_gazebo_pond_becter, tso_altar,
          chequers_ecumenical_altar_island, first_ration, serial_park_tiny_pond,
          uniq_sigmund, uniq_natasha
D:4:      layout_rooms, kennysheep_mini_moat, kennysheep_slug_shrine
D:5:      minmay_recursive_quarters, layout_basic, led_sif_pool,
          lemuel_round_altar, lemuel_zombie_altar_yredelemnul,
          minmay_manual_mullet
D:6:      cheibrodos_barr_body, layout_basic, minmay_temple_entry_tees,
          basic_altar
D:7:      layout_loops_corners, lemuel_round_altar, overflow_temple_1_default,
          uniq_duvessa, uniq_pikel
Temple:   nicolae_temple_figure_eight

Skill      XL: |  1  2  3  4  5  6  7  8  9 |
---------------+----------------------------+-----
Transmutations | 3 4 6 7 9 |  9.0
Spellcasting   | 3 4 |  4.1
Unarmed Combat | 7 10 | 10.2
Fighting       | |  1.1
Dodging        | |  1.7

Action                   |  1- 3 |  4- 6 |  7- 9 || total
-------------------------+-------+-------+-------++-------
Melee: Hand axe          |    55 |       |       ||    55
       Tailslap          |    13 |    15 |    44 ||    72
       Unarmed           |     3 |     5 |       ||     8
       Kick              |     6 |     7 |    12 ||    25
       Whip              |    38 |   160 |   327 ||   525
       Punch             |       |     5 |    12 ||    17
       Headbutt          |       |     1 |     7 ||     8
 Cast: Beastly Appendage |    14 |     9 |     9 ||    32
       Spider Form       |       |     1 |       ||     1
 Abil: Breathe Fire      |       |       |    18 ||    18
       End Transformatio |       |       |     1 ||     1
  Use: Scroll            |     3 |     2 |     8 ||    13
       Potion            |       |       |     1 ||     1
 Stab: Sleeping          |     1 |     1 |     1 ||     3
       Paralysed         |       |       |     2 ||     2
  Eat: Chunk             |     2 |     6 |    16 ||    24
Armor: Skin              |    33 |    73 |   128 ||   234
Dodge: Dodged            |    76 |   117 |   267 ||   460

Table legend:
 A = Non-vault XP
 B = Vault XP
 C = Vault XP percentage of total XP
 D = Non-vault monster count
 E = Vault monster count
 F = Vault count percentage of total count
                 A         B        C        D         E       F
            +---------+---------+-------+---------+---------+-------
      Total |    3285 |    1351 |  29.1 |     146 |      22 |  13.1
            +---------+---------+-------+---------+---------+-------
        D:1 |      36 |       0 |   0.0 |      21 |       0 |   0.0
        D:2 |     145 |       0 |   0.0 |      26 |       0 |   0.0
        D:3 |     162 |     247 |  60.4 |      24 |       2 |   7.7
        D:4 |     414 |       4 |   1.0 |      17 |       1 |   5.6
        D:5 |     628 |     532 |  45.9 |      21 |      13 |  38.2
        D:6 |     950 |     329 |  25.7 |      18 |       4 |  18.2
        D:7 |     950 |     239 |  20.1 |      19 |       2 |   9.5
            +---------+---------+-------+---------+---------+-------
